Map: Dusk Towers

Players

KalVasFlam - Winner!

  • Race: Terran Terran
  • League: Master

Miszu

  • Race: Protoss Protoss
  • League: Master

VOD

Have the link to the VOD?

Description

Time

  • Played on: April 3, 2016, 4:17 p.m.
  • Length: 12:02
Show
View Real Time Build Order
Export as new Build Order

KalVasFlam Terran - Winner!

Build Orders:  

Get SALT Encoding   

  12  0:09  Supply Depot  
  12  0:13  SCV  
  13  0:31  Barracks  
  13  0:37  Refinery  
  13  0:41  SCV  
  14  0:54  SCV  
  15  1:08  SCV  
  16  1:20  Reaper  
  16  1:21  Refinery, Orbital Command  
  17  1:46  SCV  
  18  1:51  Factory  
  18  1:58  SCV  
  19  2:10  SCV  
  20  2:51  Starport  
  20  2:52  SCV  
  20  2:56  Supply Depot, Factory Tech Lab  
  20  2:57  Marine  
  21  3:04  SCV  
  22  3:15  Marine  
  22  3:18  Cyclone, SCV  
  27  3:23  Supply Depot  
  27  3:29  Starport Tech Lab  
  27  3:30  SCV  
  27  3:34  Marine  
  29  3:42  SCV  
  30  3:50  Cyclone  
  30  3:51  Marine  
  30  3:54  SCV  
  35  4:02  Cloaking Field, Banshee  
  38  4:06  SCV  
  39  4:10  Barracks Reactor  
  39  4:14  Command Center  
  39  4:17  Supply Depot  
  39  4:38  Widow Mine, SCV  
  39  4:42  Supply Depot  
  39  4:45  Marine, Banshee  
  45  4:46  Marine  
  47  5:04  SCV  
  48  5:16  SCV  
  46  5:22  Marine x2  
  46  5:23  Siege Tank  
  46  5:26  Orbital Command  
  46  5:28  Barracks x2, SCV  
  49  5:31  Raven  
  51  5:40  SCV  
  52  5:52  SCV  
  52  5:56  Marine x2, Siege Tank  
  58  6:15  Marine  
  58  6:16  Marine  
  54  6:18  Barracks Tech Lab  
  54  6:21  SCV  
  54  6:22  SCV  
  56  6:28  Siege Tank  
  59  6:33  Refinery  
  59  6:36  Medivac  
  59  6:38  Marine x4  
  65  6:41  SCV x2  
  65  6:46  Engineering Bay  
  64  6:56  Combat Shields  
  64  6:58  Marine x3  
  64  6:59  Marine  
  64  7:01  SCV x2  
  68  7:13  SCV x2  
  70  7:26  Missile Turret  
  70  7:27  Missile Turret  
  70  7:31  Supply Depot, Marine x4, Siege Tank  
  77  7:49  Marine x3  
  78  7:54  SCV x2  
  78  7:56  Terran Infantry Weapons Level 1  
  78  7:57  Barracks x2  
  78  8:02  Marine  
  78  8:03  Siege Tank  
  82  8:05  Refinery  
  82  8:06  Marine x2  
  82  8:07  Supply Depot  
  82  8:12  Marine  
  78  8:20  Marine  
  78  8:24  Marine  
  67  8:39  Marine x3  
  67  8:40  Siege Tank  
  72  8:42  Marine  
  66  8:48  SCV  
  66  8:49  SCV  
  66  8:50  Marine x2  
  66  8:51  Stimpack  
  67  8:57  Marine  
  67  8:58  Marine x2, Command Center  
  68  9:04  Marine  
  68  9:08  Marine x2, SCV  
  72  9:11  Medivac  
  72  9:12  Siege Tank  
  77  9:21  Marine x3  
  77  9:22  Marine  
  81  9:27  Marine x2  
  83  9:39  Marine x2  
  83  9:40  Marine x2  
  83  9:44  Marine x2  
  89  9:51  SCV  
  89  9:52  SCV  
  91  9:57  Marine  
  85  10:03  Marine x5, SCV  
  85  10:04  Siege Tank  
  79  10:14  Marine  
  79  10:21  Marine x3  
  76  10:35  Marine x2  
  76  10:36  Marine, Medivac  
  76  10:38  Marine x2, Siege Tank  
  81  10:55  Marine x4  
  85  10:58  SCV  
  85  10:59  SCV  
  85  11:00  Orbital Command  
  82  11:19  Marine x4  
  82  11:20  Marine, Medivac, Siege Tank  
  80  11:33  Marine  
  80  11:37  Marine x4  
Show
View Real Time Build Order
Export as new Build Order

Miszu Protoss 

Build Orders: 1 Gate Expand 

Get SALT Encoding   

  12  0:01  Probe (Chrono Boost)  
  13  0:11  Probe (Chrono Boost)  
  14  0:19  Pylon  
  14  0:22  Probe (Chrono Boost)  
  15  0:37  Probe (Chrono Boost)  
  15  0:39  Gateway  
  16  0:48  Probe (Chrono Boost)  
  17  0:58  Probe (Chrono Boost)  
  18  1:11  Nexus  
  18  1:14  Probe (Chrono Boost)  
  19  1:20  Assimilator  
  19  1:25  Probe (Chrono Boost)  
  20  1:33  Cybernetics Core  
  20  1:35  Probe (Chrono Boost)  
  21  1:46  Probe (Chrono Boost)  
  22  1:54  Assimilator  
  22  2:01  Probe (Chrono Boost)  
  22  2:13  Stalker (Chrono Boost)  
  22  2:20  Probe  
  21  2:40  Probe  
  21  2:41  Probe  
  21  2:48  Stalker (Chrono Boost)  
  23  2:51  Probe  
  23  2:53  Probe  
  25  2:59  Gateway  
  25  3:02  Probe  
  26  3:12  Probe  
  27  3:16  Mothership Core  
  28  3:23  Probe  
  29  3:32  Stargate  
  29  3:33  Probe  
  29  3:41  Probe  
  31  3:44  Probe  
  32  3:53  Probe  
  32  3:54  Probe  
  33  4:00  Warp Gate  
  32  4:05  Probe x2  
  38  4:23  Phoenix (Chrono Boost), Pylon, Probe  
  37  4:26  Probe  
  37  4:31  Pylon  
  38  4:37  Stalker  
  38  4:41  Stalker, Probe x2  
  46  4:45  Phoenix (Chrono Boost)  
  46  4:53  Probe x2  
  48  5:03  Robotics Facility  
  48  5:05  Probe  
  45  5:21  Probe  
  45  5:22  Probe  
  45  5:23  Phoenix (Chrono Boost)  
  45  5:24  Pylon  
  49  5:33  Gateway, Probe  
  49  5:34  Probe  
  51  5:36  Assimilator x2  
  51  5:42  Pylon  
  51  5:45  Probe  
  51  5:46  Probe  
  47  5:52  Observer (Chrono Boost)  
  45  5:57  Probe  
  45  5:58  Probe  
  45  6:10  Probe x2  
  39  6:22  Probe x2  
  39  6:23  Observer (Chrono Boost)  
  42  6:34  Probe x2  
  44  6:46  Probe x2  
  46  6:58  Probe  
  46  6:59  Probe  
  48  7:10  Probe  
  48  7:11  Probe  
  50  7:15  Nexus  
  50  7:17  Adept x3, Immortal (Chrono Boost)  
  50  7:22  Probe  
  61  7:23  Probe  
  61  7:29  Pylon  
  62  7:34  Probe  
  62  7:35  Probe  
  64  7:38  Zealot x2  
  68  7:46  Probe  
  68  7:47  Probe  
  68  7:48  Zealot  
  72  7:54  Immortal (Chrono Boost)  
  76  8:04  Adept  
  78  8:07  Pylon  
  78  8:11  Pylon  
  64  8:27  Adept x2  
  64  8:28  Adept  
  57  8:48  Adept x3  
  55  8:52  Probe x2  
  55  8:53  Mothership Core  
  55  8:55  Immortal (Chrono Boost)  
  63  9:04  Probe x2  
  65  9:11  Adept x3  
  65  9:13  Probe  
  65  9:16  Probe x2  
  74  9:23  Probe  
  74  9:27  Gateway  
  74  9:29  Gateway  
  75  9:33  Immortal (Chrono Boost)  
  75  9:37  Zealot  
  81  9:41  Zealot  
  81  9:43  Zealot  
  85  9:46  Pylon  
  85  9:53  Pylon  
  65  10:10  Adept x3  
  67  10:24  Zealot x2  
  67  10:34  Adept  
  67  10:35  Adept x4, Phoenix  
  67  10:39  Immortal (Chrono Boost)  
  61  10:55  Adept x3  
  61  10:56  Adept x2  
  69  11:22  Zealot x4  
  69  11:23  Zealot  
  67  11:29  Phoenix  
  57  11:35  Pylon  
  57  11:43  Zealot x5  
Tags
 
Add a new tag
Caveats
  • Supply blocks, unpowered buildings, or Contaminate may cause inaccurate times.
  • Supply counts are checked every 10 seconds.